 Dungeon Crawl Stone Soup version 0.30-b1-2-g02819fbbbe (webtiles) character file.

Game seed: 9225637354338054516

10 MisterFreud the Covered (level 2, -2/26 HPs)
             Began as a Gnoll Wanderer on Sept 4, 2023.
             Succumbed to a hobgoblin's poison
             ... on level 1 of the Dungeon.
             The game lasted 00:00:58 (245 turns).

MisterFreud the Covered (Gnoll Wanderer)             Turns: 245, Time: 00:00:59

Health: -2/26      AC:  6    Str: 14    XL:     2   Next: 20%
Magic:  1/5        EV: 10    Int: 12    God:
Gold:   7          SH:  0    Dex:  7    Spells: 5/6 levels left

rFire   . . .        a - +0 club
rCold   . . .        (no shield)
rNeg    . . .        b - +0 ring mail
rPois   .            (no helmet)
rElec   .            (no cloak)
rCorr   .            (no gloves)
SInv    .            (no boots)
Will    .....        (no amulet) Stlth
                     (no ring)
HPRegen 0.24/turn    (no ring)
MPRegen 0.09/turn

%: no passive effects
@: lethally poisoned (-2 -> -22), about to teleport
A: fangs 1, strong nose, distributed training
a: no special abilities


You were on level 1 of the Dungeon.
You visited 1 branch of the dungeon, and saw 1 of its levels.

You collected 7 gold pieces.

Inventory:

Hand Weapons
 a - a +0 club (weapon)
Armour
 b - a +0 ring mail (worn)
Scrolls
 e - 2 scrolls of identify {unknown}
Potions
 c - 2 potions of haste


   Skills:
 + Level 4.4 Fighting
 + Level 0.3 Short Blades
 + Level 0.3 Long Blades
 + Level 0.3 Axes
 + Level 0.3 Maces & Flails
 + Level 0.3 Polearms
 + Level 0.3 Staves
 + Level 0.3 Ranged Weapons
 + Level 0.3 Throwing
 + Level 4.4 Armour
 + Level 2.4 Dodging
 + Level 0.3 Stealth
 + Level 0.3 Shields
 + Level 0.3 Unarmed Combat
 + Level 2.7 Spellcasting
 + Level 0.2 Conjurations
 + Level 0.2 Hexes
 + Level 3.7 Summonings
 + Level 0.2 Necromancy
 + Level 0.2 Translocations
 + Level 0.2 Transmutations
 + Level 0.2 Fire Magic
 + Level 0.2 Ice Magic
 + Level 0.2 Air Magic
 + Level 0.2 Earth Magic
 + Level 0.2 Poison Magic
 + Level 2.5 Invocations
 + Level 2.4 Evocations


You had 5 spell levels left.
You knew the following spells:

 Your Spells              Type           Power      Damage    Failure   Level
a - Summon Small Mammal   Summ           40%        N/A       11%         1

Your spell library contained the following spells:

 Spells                   Type           Power      Damage    Failure   Level
 Summon Guardian Golem    Hex/Summ       6%         N/A       54%         3
 Summon Lightning Spire   Summ/Air       6%         N/A       91%         4


Dungeon Overview and Level Annotations

Branches:
Dungeon (1/15)

Altars:


Innate Abilities, Weirdness & Mutations

You have very sharp teeth.
Your uncanny sense of smell can sniff out nearby items.
Your experience applies equally to all skills.


Message History

Your rat barely misses the giant cockroach.
You closely miss the quokka.
The quokka is severely wounded.
The giant cockroach bites your rat but does no damage.
The quokka closely misses you.
Your rat bites the giant cockroach but does no damage.
The giant cockroach barely misses your rat.
You hit the quokka but do no damage.
The quokka is severely wounded.
The quokka bites you but does no damage.
The giant cockroach bites your rat.
Your rat bites the giant cockroach but does no damage.
The quokka closely misses you.
Unknown command.
You hit the quokka but do no damage.
The quokka is severely wounded.
The giant cockroach bites your rat.
Your rat dies!
Your rat's corpse disappears in a puff of smoke!
The quokka bites you but does no damage.
Your magical contamination has completely faded away.
You hit the quokka.
You kill the quokka!
The hobgoblin hits you with a +0 dagger of venom.
* * * LOW HITPOINT WARNING * * *
You are lethally poisoned!
The giant cockroach barely misses you.
Okay, then.
Unknown command.
As you read the scroll of teleportation, it crumbles to dust.
You feel strangely unstable.
* * * LOW HITPOINT WARNING * * *
You feel very sick. The giant cockroach barely misses you.
The hobgoblin hits you with a +0 dagger of venom.
* * * LOW HITPOINT WARNING * * *
You are more poisoned.
The giant cockroach attacks as you move away!
The giant cockroach bites you but does no damage.
You die...

... #.............
....####.....########
.............#
...##......#
#..##..[..#
#.$#....(# ∆∆#.gB...#
#."g.#....#
∆#!.#!##.@..#
##..##..##.# ##....##
.# ...#.# .# ## ##


You could see a giant cockroach and a hobgoblin.

Vanquished Creatures
  2 quokkas (D:1)
  A rat (D:1)
3 creatures vanquished.

Vanquished Creatures (collateral kills)
  A dart slug (D:1)
  An endoplasm (D:1)
  A giant cockroach (D:1)
  A ball python (D:1)
  A goblin (D:1)
5 creatures vanquished.

Grand Total: 8 creatures vanquished

Notes
Turn   | Place    | Note
-------+----------+-------------------------------------------
     0 | D:1      | MisterFreud the Gnoll Wanderer began the quest for the Orb.
     0 | D:1      | MisterFreud set off with the following items: a +0 club, a
                  | +0 ring mail, a potion of haste, a scroll of teleportation;
                  | and the following spell memorised: Summon Small Mammal; and
                  | the following spells available to memorise: Summon Guardian
                  | Golem, Summon Lightning Spire.
     0 | D:1      | Reached XP level 1. HP: 20/20 MP: 4/4
   236 | D:1      | Reached XP level 2. HP: 11/26 MP: 1/5
   245 | D:1      | Succumbed to a hobgoblin's poison

Illustrated notes

Levels and vault maps discovered:
D:1:      sevenhm_arrival_forest_fort_small_6, layout_basic, minmay_pentomino_w4

Action                     || total
---------------------------++-------
  Melee: Club              ||    24
         Bite              ||     1
   Cast: Summon Small Mamm ||     9
    Use: Scroll            ||     1
 Armour: Ring mail         ||    17
  Dodge: Dodged            ||    14
